 Dungeon Crawl Stone Soup version 0.30.0-19-g36f170ea60 (webtiles) character file.

Game seed: 9624660856268786780

216 Graphine the Trooper (level 5, -5/43 HPs)
             Began as a Merfolk Fighter on May 29, 2023.
             Was a Believer of Vehumet.
             Slain by a gnoll
             ... wielding a +0 halberd
              (12 damage)
             ... on level 3 of the Dungeon.
             The game lasted 00:08:50 (2224 turns).

Graphine the Trooper (Merfolk Fighter)              Turns: 2224, Time: 00:08:50

Health: -5/43      AC:  9    Str: 19    XL:     5   Next: 93%
Magic:  7/7        EV: 26    Int:  7    God:    Vehumet [**....]
Gold:   108        SH:  4    Dex: 13    Spells: 4/7 levels left

rFire   x . .        a - +0 trident
rCold   + . .        c - +0 buckler
rNeg    . . .        g - +0 ring mail
rPois   .            (no helmet)
rElec   .            (no cloak)
rCorr   .            (no gloves)
SInv    +            (no boots)
Will    .....        i - amulet of the acrobat
Stlth   +            o - ring of ice
HPRegen 0.27/turn    j - +4 ring of protection
MPRegen 0.10/turn

%: acrobat
@: acrobatic
A: (nimble swimmer 2), mertail, see invisible, subdued magic 1
a: Renounce Religion


You were on level 3 of the Dungeon.
You worshipped Vehumet.
Vehumet was pleased with you.
You visited 1 branch of the dungeon, and saw 3 of its levels.

You collected 108 gold pieces.

Inventory:

Hand Weapons
 a - a +0 trident (weapon)
Missiles
 q - 2 atropa-tipped darts (quivered)
Armour
 c - a +0 buckler (worn)
 g - a +0 ring mail (worn)
Jewellery
 b - a ring of resist corrosion
 i - an amulet of the acrobat (around neck)
 j - a +4 ring of protection (right hand)
 o - a ring of ice (left hand)
Wands
 t - a wand of light (5)
 v - a wand of paralysis (3)
Scrolls
 e - a scroll of identify
 f - a scroll of blinking
 h - a scroll of teleportation
 l - a scroll of vulnerability {unknown}
 p - a scroll of noise
 s - a scroll of magic mapping
Potions
 d - a potion of might
 k - 2 potions of mutation
 m - a potion of flight
 n - a potion of haste
 r - a potion of curing {unknown}
 u - a potion of degeneration {unknown}
 w - a potion of lignification {unknown}


   Skills:
 * Level 4.3 Fighting
 * Level 4.3 Polearms
 - Level 2.1 Armour
 * Level 3.2 Dodging
 - Level 3.0 Shields
 * Level 1.7 Spellcasting
 * Level 2.1 Ice Magic


You had 4 spell levels left.
You knew the following spells:

 Your Spells              Type           Power      Damage    Failure   Level
a - Frozen Ramparts       Ice            8%         1d2       67%         3

Your spell library contained the following spells:

 Spells                   Type           Power      Damage    Failure   Level
 Foxfire                  Conj/Fire      0%         2x1d4     58%         1
 Freeze                   Ice            16%        1d4       30%         1
 Hailstorm                Conj/Ice       2%         3d3       83%         3


Dungeon Overview and Level Annotations

Branches:
Dungeon (3/15)

Altars:
Nemelex Xobeh
Vehumet

Shops:
D:3 :


Innate Abilities, Weirdness & Mutations

((You are very nimble when in or above water. (Stealth+, EV+, Speed+++)))
Your lower body shifts to a powerful aquatic tail in water.
You have supernaturally acute eyesight. (SInv)
Your spells are a little easier to cast, but a little less powerful.


Message History

You reach to attack!
You barely miss the gnoll.
The gnoll is lightly wounded.
The gnoll barely misses you.
You reach to attack!
You hit the gnoll but do no damage.
The gnoll is lightly wounded.
The gnoll throws a stone.
The stone hits you but does no damage.
The gnoll hits you from afar with a +0 halberd.
You reach to attack!
You hit the gnoll but do no damage.
The gnoll throws a stone.
The stone hits you but does no damage.
You reach to attack!
You hit the gnoll but do no damage. You block the gnoll's attack.
You reach to attack!
You hit the gnoll but do no damage.
The gnoll throws a stone.
The stone hits you but does no damage.
You reach to attack!
You barely miss the gnoll.
The gnoll hits you from afar with a +0 halberd!
* * * LOW HITPOINT WARNING * * *
You are too injured to fight recklessly!
Reach: a) +0 trident
Press: ? - help, Dir - move target, f/p - gnoll
Aim: a gnoll, wielding a +0 halberd, wearing a +2 plate armour of fire resistance and quivering stones (strong, about 25% to evade your +0 trident)
Okay, then.
Okay, then.
Reach: a) +0 trident
Press: ? - help, Dir - move target, f/p - gnoll
Aim: a gnoll, wielding a +0 halberd, wearing a +2 plate armour of fire resistance and quivering stones (strong, about 25% to evade your +0 trident)
You reach to attack!
You hit the gnoll.
The gnoll is moderately wounded.
The gnoll closely misses you.
Reach: a) +0 trident
Press: ? - help, Dir - move target, f/p - gnoll
Aim: a gnoll, wielding a +0 halberd, wearing a +2 plate armour of fire resistance and quivering stones (moderately wounded, strong, about 25% to evade your +0 trident)
You reach to attack!
You hit the gnoll but do no damage.
The gnoll is moderately wounded.
The gnoll throws a stone.
The stone hits you.
* * * LOW HITPOINT WARNING * * *
There is an open door here.
You see here the felid corpse of Natasha.
Found Great Wizards, Vol.
VII.
The gnoll hits you from afar with a +0 halberd!
You die...

##.#
#..##<#.#..#######
#..# ##.#
###..##.#)#..# #..#
...# #.......#.#.†#
#..#
#..######.###.###.#..#
#... #..##..^..#
#........# #...
#..##.###.######...#.#
###. #..##.#
#..##..####### #.
......# ####....##..##
#. ...#### #....@....#
#. #..# ##..##....# #.
#..# ..'# ##g.#### #.
#..##### .:.
##†#..###### #.
#......# . ##)...†...#
#. #..##### #))..###.#
## ...# ##.†## #.#
...# #'## #.# #..#
#..# #.#


You could see a gnoll (strong).

Vanquished Creatures
  Ijyb (D:3)
  Natasha (twice) (D:3)
  A gnoll (D:3)
  4 adders (D:3)
  4 dart slugs
  2 orcs (D:3)
  12 endoplasms
  3 giant cockroaches
  5 goblins
  12 hobgoblins
  6 jackals
  6 kobolds
  2 quokkas (D:1)
  2 ball pythons
  6 bats
  2 frilled lizards (D:1)
  11 rats
81 creatures vanquished.

Notes
Turn   | Place    | Note
-------+----------+-------------------------------------------
     0 | D:1      | Graphine the Merfolk Fighter began the quest for the Orb.
     0 | D:1      | Reached XP level 1. HP: 18/18 MP: 1/1
    63 | D:1      | Reached skill level 1 in Dodging
    63 | D:1      | Reached XP level 2. HP: 24/24 MP: 2/2
   182 | D:1      | Reached XP level 3. HP: 27/30 MP: 3/3
   590 | D:1      | Found a faded altar of an unknown god.
   599 | D:1      | Prayed at the altar of an unknown god.
   599 | D:1      | Became a worshipper of Vehumet
   599 | D:1      | Reached * piety under Vehumet
   599 | D:1      | Offered knowledge of Kiss of Death by Vehumet.
   919 | D:1      | Gained mutation: You have supernaturally acute eyesight.
                  | (SInv) [potion of mutation]
   919 | D:1      | Gained mutation: Your spells are a little easier to cast,
                  | but a little less powerful. [potion of mutation]
  1238 | D:2      | Learned a level 3 spell: Frozen Ramparts
  1324 | D:2      | Reached XP level 4. HP: 37/37 MP: 5/5
  1472 | D:3      | Reached skill level 1 in Ice Magic
  1670 | D:3      | Reached skill level 1 in Spellcasting
  1708 | D:3      | Offered knowledge of Foxfire by Vehumet.
  1710 | D:3      | Reached ** piety under Vehumet
  1751 | D:3      | Found a sparkling altar of Nemelex Xobeh.
  1890 | D:3      | Noticed Ijyb
  1893 | D:3      | Paralysed by Ijyb for 5 turns
  1904 | D:3      | Paralysed by Ijyb for 3 turns
  1909 | D:3      | Killed Ijyb
  1910 | D:3      | Reached XP level 5. HP: 33/42 MP: 5/7
  2041 | D:3      | Found Vuheddi's Vocational Training.
  2151 | D:3      | Noticed Natasha
  2154 | D:3      | Killed Natasha
  2194 | D:3      | Noticed Natasha
  2204 | D:3      | Killed Natasha
  2224 | D:3      | Slain by a gnoll

Illustrated notes

Levels and vault maps discovered:
D:1:      lemuel_arrival_river_bridge, layout_basic,
          ebering_ecumenical_altar_webs, minmay_heptomino_w4
D:2:      layout_basic, skrybe_limestone_x
D:3:      minmay_bubble_buster, layout_loops_ring, nzn_hepliaklqana_mist_gate,
          nemelex_spade_bored_becter, nicolae_concentric_dashed_squares_wild,
          chequers_serial_rivers_small_a, nicolae_shop_vocational, uniq_natasha,
          uniq_ijyb

Skill      XL: |  1  2  3  4  5 |
---------------+----------------+-----
Polearms       | 3 4 |  4.3
Dodging        | 1 2 3 |  3.2
Ice Magic      | 1 2 |  2.1
Spellcasting   | 1 |  1.7
Fighting       | 4 |  4.3
Armour         | |  2.1
Shields        | |  3.0

Action                     |  1- 3 |  4- 6 || total
---------------------------+-------+-------++-------
  Melee: Trident           |   105 |   105 ||   210
         Unarmed           |       |     7 ||     7
    Use: Scroll            |     3 |     4 ||     7
         Potion            |     1 |       ||     1
   Stab: Sleeping          |     2 |     1 ||     3
         Distracted        |     1 |       ||     1
 Armour: Ring mail         |     2 |    31 ||    33
         Skin              |       |    16 ||    16
  Dodge: Dodged            |    34 |    33 ||    67
  Block: Buckler           |    16 |    15 ||    31
